AoeStats
← dashuaibi

Black Forest

506614656Analyzed
4v4 RM · 19d ago on Sep 14, 2026· 36m 51s· 8 players
Game mode
Random Map
Map size
Large (8 player)
Population
200
Speed
Normal
Resources
Standard
Victory
Conquest
Starting age
Dark Age
Ending age
Imperial Age
RankedLock teamsTeams togetherTeam positionsShared explorationLock speedFull tech treeHidden civsTurbo modeCheats
Victory
Defeat
🇦🇷 Mongols · Argentina
1396
+13
🇭🇰 Sicilians · Hong Kong SAR China
1381
+14
🇨🇳 Saracens · China
1320
+16
🇨🇳 Dravidians · China
1316
+16
🇦🇷 Burmese · Argentina
1428
-18
1425
-19
🇦🇺 Malay · Australia
1281
-13
🇮🇳 Britons · India
1184
-9
Panchi
1:17 Loom
10:31 Feudal Age
11:17 Double-Bit Axe
11:50 Horse Collar
14:56 Wheelbarrow
21:36 Castle Age
19:57 Gold Mining
22:53 Bow Saw
26:39 Imperial Age
26:11 Heavy Plow
27:07 Scale Mail Armor
27:19 Forging
27:14 Squires
29:18 Gold Shaft Mining
29:38 Chain Mail Armor
32:07 Guilds
32:16 Masonry
32:56 Conscription
34:40 Plate Mail Armor
35:22 Husbandry
34:43 Cavalier
36:16 Scale Barding Armor
37:08 Bloodlines
37:40 Iron Casting
37:42 Chain Barding Armor
dashuaibi
12:11 Loom
14:12 Feudal Age
18:11 Castle Age
16:28 Fishing Lines
19:26 Double-Bit Axe
20:36 Bow Saw
20:54 Horse Collar
22:00 Gillnets
24:46 Heavy Plow
25:47 Gold Mining
28:00 Wheelbarrow
30:04 Imperial Age
27:55 Stone Mining
28:42 Gold Shaft Mining
28:17 Scale Barding Armor
28:23 Forging
28:13 Town Watch
29:38 Hand Cart
29:37 Bloodlines
29:28 Husbandry
29:57 Chain Barding Armor
29:41 Padded Archer Armor
30:30 Ballistics
30:51 Iron Casting
31:45 Two-Man Saw
30:52 Light Cavalry
31:51 Leather Archer Armor
32:12 Plate Barding Armor
31:03 Elite Mameluke
32:09 Conscription
33:01 Hussar
34:55 Blast Furnace
34:02 Devotion
35:45 Faith
Stalin
11:18 Feudal Age
11:52 Double-Bit Axe
18:41 Gold Mining
21:00 Castle Age
19:42 Fishing Lines
22:07 Bow Saw
24:42 Imperial Age
23:19 Fletching
23:29 Padded Archer Armor
25:13 Wheelbarrow
24:36 Bodkin Arrow
24:56 Leather Archer Armor
24:34 Gillnets
26:24 Chemistry
25:29 Bracer
25:53 Ballistics
26:54 Ring Archer Armor
26:50 Horse Collar
27:45 Hand Cart
27:15 Loom
29:21 Thumb Ring
31:07 Heavy Plow
32:19 Stone Mining
32:37 Elite Skirmisher
33:19 Elite Elephant Archer
35:34 Scale Mail Armor
35:44 Forging
35:41 Town Watch
Matteo426
1:08 Loom
14:00 Feudal Age
17:55 Castle Age
16:10 Horse Collar
16:22 Double-Bit Axe
19:30 Bow Saw
20:17 Heavy Plow
24:39 Wheelbarrow
29:14 Scale Barding Armor
32:02 Imperial Age
29:49 Forging
30:22 Hand Cart
31:02 Chain Barding Armor
31:29 Bloodlines
32:53 Iron Casting
32:25 Husbandry
33:56 Elite Steppe Lancer
35:15 Conscription
36:30 Blast Furnace
[BadStart] The Shadow
11:03 Feudal Age
11:06 Loom
15:16 Castle Age
13:42 Horse Collar
13:57 Town Watch
17:47 Fervor
20:42 Sanctity
22:23 Wheelbarrow
28:11 Imperial Age
28:17 Masonry
29:53 Chemistry
30:30 Block Printing
34:59 Theocracy
36:03 Scale Barding Armor
灯窝森曾瑞卜药方松滴
9:47 Loom
11:49 Feudal Age
18:15 Castle Age
15:59 Fishing Lines
17:53 Double-Bit Axe
19:12 Bow Saw
19:21 Horse Collar
20:23 Wheelbarrow
21:16 Heavy Plow
21:30 Gillnets
23:19 Gold Mining
23:19 Stone Mining
29:12 Imperial Age
28:56 Stone Shaft Mining
29:10 Thumb Ring
29:30 Ballistics
29:11 Fletching
29:22 Padded Archer Armor
30:10 Elite Skirmisher
32:00 Crop Rotation
31:27 Bodkin Arrow
31:48 Leather Archer Armor
32:39 Two-Man Saw
31:04 Imperial Skirmisher
32:23 Hand Cart
33:35 Chemistry
32:37 Bracer
ragamuffin
0:28 Loom
14:59 Feudal Age
19:10 Castle Age
17:27 Double-Bit Axe
18:01 Horse Collar
25:35 Wheelbarrow
25:51 Stone Mining
26:01 Gold Mining
27:15 Town Watch
27:46 Fletching
28:57 Bodkin Arrow
30:42 Forging
Vector
0:32 Loom
12:07 Feudal Age
12:47 Double-Bit Axe
17:35 Castle Age
16:05 Horse Collar
19:37 Crossbowman
25:13 Heavy Plow
26:02 Ballistics
25:36 Fletching
25:47 Padded Archer Armor
27:49 Gold Mining
27:57 Bodkin Arrow
29:33 Leather Archer Armor
29:59 Wheelbarrow
29:57 Fortified Wall
30:45 Bow Saw
31:48 Stone Mining
35:46 Imperial Age
33:43 Yeomen
Connection lost

Rejoining the realm…

Still unreachable

The connection could not be restored.

Session expired

The server has moved on; the page needs a fresh start.